 Dungeon Crawl Stone Soup version 0.18-a0-822-gb52b7b4 (webtiles) character file.

231 Raultor the Ducker (level 5, -2/41 HPs)
             Began as a Demonspawn Gladiator on Dec 16, 2015.
             Was a Follower of Qazlal.
             Killed by divine providence
             ... invoked by an orc priest
              (11 damage)
             ... on level 3 of the Dungeon.
             The game lasted 00:11:25 (3879 turns).

Raultor the Ducker (Demonspawn Gladiator)           Turns: 3879, Time: 00:11:26

Health: -2/41      AC:  6    Str: 15    XL:     5   Next: 73%
Magic:  6/6        EV: 12    Int: 10    God:    Qazlal [*.....]
Gold:   134        SH:  1    Dex: 14    Spells: 0 memorised, 4 levels left

rFire  + . .     SeeInvis .       - Unarmed
rCold  x . .     Gourm    .     t - +0 ring mail
rNeg   . . .     Faith    .     (no shield)
rPois  +         Spirit   .     (helmet restricted)
rElec  .         Dismiss  .     (no cloak)
rCorr  .         Reflect  .     (no gloves)
SustAt .         Harm     .     p - +0 pair of boots
MR     .....                    (no amulet)
Stlth  +.........               x - ring of fire {rF+, rC-}
                                r - ring of poison resistance {rPois, !d}

@: not resistant to hostile enchantments, very unstealthy
A: hooves 1, horns 1, powered by pain 1
a: Renounce Religion


You were on level 3 of the Dungeon.
You worshipped Qazlal.
Qazlal was aware of your devotion.
You were not hungry.

You visited 1 branch of the dungeon, and saw 5 of its levels.

You collected 134 gold pieces.

Inventory:

Hand Weapons
 a - a +0 flail
 E - a +0 dagger
   (You took it off a kobold on level 3 of the Dungeon)
 H - a +0 falchion
   (You found it on level 3 of the Dungeon)
 I - a cursed -3 mace
   (You found it on level 4 of the Dungeon)
 J - a +0 flail
   (You took it off an orc on level 5 of the Dungeon)
Missiles
 d - 3 throwing nets {=f, !d}
Armour
 c - a +0 helmet
 p - a +0 pair of boots (worn)
   (You found it on level 1 of the Dungeon)
 t - a +0 ring mail (worn)
   (You took it off Terence on level 2 of the Dungeon)
Jewellery
 r - a ring of poison resistance (left hand) {rPois, !d}
   (You found it on level 2 of the Dungeon)
 x - a ring of fire (right hand) {rF+, rC-}
   (You found it on level 2 of the Dungeon)
 F - an uncursed ring of fire {rF+, rC-}
   (You found it on level 3 of the Dungeon)
Wands
 s - a wand of digging (8)
   (You took it off Terence on level 2 of the Dungeon)
 y - a wand of draining (6)
   (You found it on level 3 of the Dungeon)
Scrolls
 j - a scroll of magic mapping {unknown}
 k - a scroll of recharging {unknown}
 l - 4 scrolls of teleportation {unknown}
 q - a scroll of identify {unknown}
 u - a scroll of fog {unknown}
 v - a scroll of random uselessness {unknown}
 B - a scroll of remove curse {unknown}
Potions
 b - a potion of poison {unknown}
 e - 3 potions of agility
 h - a potion of brilliance {unknown}
 i - 5 potions of curing {unknown}
 n - 3 potions of lignification {unknown}
 o - a potion of magic {unknown}
 z - a potion of cancellation {unknown}
 A - 2 potions of resistance {unknown}
 G - a potion of heal wounds {unknown}
Comestibles
 f - 4 bread rations {@e1}
 g - a beef jerky
 m - 2 meat rations {@e2}
 w - 5 fruits
 C - a slice of pizza


   Skills:
 + Level 3.0 Fighting
 - Level 3.1 Maces & Flails
 - Level 1.7 Throwing
 + Level 2.4 Armour
 + Level 3.5 Dodging
 * Level 2.1 Unarmed Combat
 + Level 1.6 Invocations


You had 4 spell levels left.
You didn't know any spells.

Dungeon Overview and Level Annotations

Branches:
Dungeon (5/15)
 Temple: D:4-7

Altars:
Cheibriados
Gozag
Qazlal
Ru

Shops:
D:3 *


Innate Abilities, Weirdness & Mutations

You have large cloven feet.
You have a pair of small horns on your head.
You sometimes gain a little power by taking damage.


Message History

You barely miss the orc. You headbutt the orc. You barely miss the orc.
Your headbutt misses the orc. The orc hits you with a flail.
* * * LOW HITPOINT WARNING * * *
You take 1 damage, and have 9/41 hp.
You hit the orc but do no damage. You headbutt the orc.
You kill the orc!
Qazlal accepts your kill.
J - a flail You see here a leather armour.
There is a stone staircase leading up here.
You start resting.
Eating one of 4 chunks of flesh {@w0}.
You continue eating. x2
Some of the chunks of flesh in your inventory have rotted away.
All of the chunks of flesh in your inventory have rotted away.
Health restored: 41 You climb upwards.
The jackal barks!
The orc barely misses you. The orc hits you with a war axe.
There is a stone staircase leading down here.
You see here a jackal skeleton.
You take 5 damage, and have 36/41 hp.
The quokka skeleton bites you but does no damage.
You see here a white potion.
The orc priest looks braver for a moment.
The quokka skeleton closely misses you.
There is a stone staircase leading up here.
You hit the quokka skeleton. The orc completely misses you.
The quokka skeleton bites you.
You take 1 damage, and have 36/41 hp.
You barely miss the orc. The orc barely misses you.
You hit the orc. Your headbutt misses the orc.
The quokka skeleton bites you but does no damage.
The orc hits you with a hand axe.
You take 1 damage, and have 35/41 hp.
You hit the orc. You headbutt the orc.
You kill the orc!
Qazlal accepts your kill. The quokka skeleton barely misses you.
The jackal bites you but does no damage.
You barely miss the jackal. You headbutt the jackal.
The quokka skeleton bites you but does no damage.
The jackal misses you.
A jackal comes into view.
You closely miss the jackal.
The jackal barks!
The jackal barely misses you.
The quokka skeleton bites you but does no damage.
The orc priest mumbles some strange prayers to Beogh against you.
Something smites you! The jackal barely misses you.
You take 9 damage, and have 26/41 hp.
MASSIVE DAMAGE!!
You hit the jackal.
You kill the jackal!
Qazlal accepts your kill. The quokka skeleton closely misses you.
You closely miss the orc priest. The quokka skeleton bites you.
The orc hits you but does no damage.
You take 2 damage, and have 25/41 hp.
You hit the orc priest. The orc priest barely misses you.
The quokka skeleton misses you.
A jackal comes into view.
You completely miss the orc priest. The orc priest hits you.
The orc hits you but does no damage. The quokka skeleton bites you.
You take 3 damage, and have 22/41 hp.
You closely miss the orc priest.
You headbutt the orc priest, but do no damage.
The orc priest hits you. The quokka skeleton closely misses you.
The orc barely misses you.
You take 1 damage, and have 21/41 hp.
You barely miss the orc priest. You headbutt the orc priest.
The orc priest hits you. The quokka skeleton closely misses you.
The orc barely misses you.
You take 2 damage, and have 19/41 hp.
You closely miss the orc priest. The orc priest hits you.
The quokka skeleton misses you. The orc barely misses you.
You take 1 damage, and have 18/41 hp.
You block the orc priest's attack. The quokka skeleton bites you.
You climb upwards.
There is a stone staircase leading down here.
You take 2 damage, and have 16/41 hp.
You hit the orc priest but do no damage.
You headbutt the orc priest. The orc barely misses you.
The orc priest hits you.
You take 3 damage, and have 13/41 hp.
You closely miss the orc priest. The orc priest barely misses you.
The orc hits you with a war axe.
* * * LOW HITPOINT WARNING * * *
You take 4 damage, and have 9/41 hp.
You barely miss the orc priest.
You headbutt the orc priest, but do no damage.
The orc priest closely misses you. The orc closely misses you.
You closely miss the orc priest.
You headbutt the orc priest, but do no damage.
The orc priest barely misses you. The orc hits you but does no damage.
You hit the orc priest but do no damage.
The orc priest mumbles some strange prayers to Beogh against you.
Something smites you!
You die...

#.............##.###
#............###.#
#...........## #.###
#..>........# #.##.
########....####.#..
####(.........#
###########..............
#......o@.......#.###.###
#.......o......##.###.#
#..............##.....#
#..............#####..#
#..............# ####
#..............#
###########....##########
#..............


You could see an orc priest and an orc.

Vanquished Creatures
  An orc priest (D:4)
  Natasha (thrice) (D:2)
  Terence (D:2)
  5 adders
  2 oozes
  4 worms
  A giant gecko (D:2)
  2 orcs
  9 bats
  6 giant cockroaches
  8 goblins
  10 hobgoblins
  6 giant newts
  10 jackals
  7 kobolds
  7 rats
82 creatures vanquished.

Notes
Turn   | Place    | Note
--------------------------------------------------------------
     0 | D:1      | Raultor the Demonspawn Gladiator began the quest for the Orb.
     0 | D:1      | Reached XP level 1. HP: 16/16 MP: 1/1
    58 | D:1      | Reached skill level 3 in Maces & Flails
    81 | D:1      | HP: 2/16 [kobold (4)]
    83 | D:1      | Gained mutation: You have large cloven feet. [demonic ancestry]
    83 | D:1      | Reached XP level 2. HP: 1/22 MP: 2/2
   905 | D:1      | Reached skill level 1 in Armour
   975 | D:1      | Gained mutation: You sometimes gain a little power by taking damage. [demonic ancestry]
   975 | D:1      | Reached XP level 3. HP: 27/27 MP: 3/3
   980 | D:1      | Reached skill level 3 in Dodging
  1055 | D:2      | Noticed Terence
  1075 | D:2      | Killed Terence
  1325 | D:2      | Noticed Natasha
  1339 | D:2      | Reached XP level 4. HP: 26/34 MP: 4/4
  1402 | D:2      | Killed Natasha
  1402 | D:2      | Reached skill level 1 in Unarmed Combat
  1756 | D:2      | Found a stormy altar of Qazlal.
  1756 | D:2      | Found a snail-covered altar of Cheibriados.
  1760 | D:2      | Became a worshipper of Qazlal Stormbringer
  1860 | D:2      | Reached skill level 2 in Armour
  1950 | D:2      | Noticed Natasha
  1968 | D:2      | HP: 4/34 [Natasha (6)]
  1970 | D:2      | Killed Natasha
  2324 | D:2      | Gained mutation: You have a pair of small horns on your head. [demonic ancestry]
  2324 | D:2      | Reached XP level 5. HP: 21/40 MP: 5/5
  2330 | D:2      | Reached skill level 1 in Invocations
  2346 | D:2      | HP: 10/40 [hobgoblin/hand axe (2)]
  2764 | D:2      | Noticed Natasha
  2770 | D:2      | Killed Natasha
  2806 | D:3      | Found an opulent altar of Gozag.
  2806 | D:3      | Found Gozag's Platinum Reserve.
  2871 | D:3      | Found a sacrificial altar of Ru.
  3096 | D:3      | Reached * piety under Qazlal
  3598 | D:4      | Reached skill level 3 in Fighting
  3598 | D:4      | Reached skill level 2 in Unarmed Combat
  3603 | D:5      | Entered Level 5 of the Dungeon
  3609 | D:5      | HP: 10/41 [orc/flail (4)]
  3876 | D:3      | HP: 9/41 [orc/war axe (4)]
  3879 | D:3      | Killed from afar by an orc priest

Vault maps used:
D:1:      matt_arrival_grand_opening
D:2:      forest_paths, gammafunk_temple_overflow_wave, uniq_natasha,
          uniq_terence
D:3:      nicolae_overflow_hidden_temple, nicolae_gozag_zags_fifth_avenue
D:4:      serial_shops, shop, shop, nicolae_shop_window_shopping, st_stairs_1,
          serial_bayou_lagoon_a
D:5:      lemuel_zombie_altar_kikubaaqudgha, overflow_temple_1_default,
          kennysheep_little_box, serial_shops, nicolae_shop_crystal, first_bread

Action                   |  1- 3 |  4- 6 || total
-------------------------+-------+-------++-------
Melee: Flail             |   107 |    49 ||   156
       Unarmed           |       |   317 ||   317
  Use: Potion            |       |     1 ||     1
  Eat: Chunk             |     1 |     9 ||    10

Vault maps used:
D:1:      matt_arrival_grand_opening
D:2:      forest_paths, gammafunk_temple_overflow_wave, uniq_natasha,
          uniq_terence
D:3:      nicolae_overflow_hidden_temple, nicolae_gozag_zags_fifth_avenue
D:4:      serial_shops, shop, shop, nicolae_shop_window_shopping, st_stairs_1,
          serial_bayou_lagoon_a
D:5:      lemuel_zombie_altar_kikubaaqudgha, overflow_temple_1_default,
          kennysheep_little_box, serial_shops, nicolae_shop_crystal, first_bread

Table legend:
 A = Turns spent in this place as a percentage of turns spent in the entire game.
 B = Non-inter-level travel turns spent in this place as a percentage of non-inter-level travel turns spent in the entire game.
 C = Inter-level travel turns spent in this place as a percentage of turns spent in this place.
 D = Turns resting spent in this place as a percentage of non-inter-level travel turns spent in this place.
 E = Turns spent auto-exploring this place as a percentage of non-inter-level travel turns spent in this place.
 F = Non-inter-level travel turns spent in this place divided by the number of levels of this place that you've seen.
                   A       B       C       D       E      F
               +-------+-------+-------+-------+-------+----------------------
         Total | 100.0 | 100.0 |   0.4 |   3.0 |   8.3 | 197.4
       Dungeon | 100.0 | 100.0 |   0.4 |   3.0 |   8.3 | 197.4
               +-------+-------+-------+-------+-------+----------------------

Table legend:
 A = Kills in this place as a percentage of kills in entire the game.
 B = Kills by you in this place as a percentage of kills by you in the entire game.
 C = Kills by friends in this place as a percentage of kills by friends in the entire game.
 D = Other kills in this place as a percentage of other kills in the entire game.
 E = Experience gained in this place as a percentage of experience gained in the entire game.
 F = Experience gained in this place divided by the number of levels of this place that you have seen.
                   A       B       C       D       E      F
               +-------+-------+-------+-------+-------+----------------------
         Total | 100.0 | 100.0 |  -nan |  -nan | 100.0 |  66.2
       Dungeon | 100.0 | 100.0 |  -nan |  -nan | 100.0 |  66.2
               +-------+-------+-------+-------+-------+----------------------
